 Dungeon Crawl Stone Soup version 0.31-a0-365-gcf821cafb2 (webtiles) character file.

Game seed: 6026099478380500774

19718 Newt the Spear-Bearer (level 12, -13/97 HPs)
             Began as a Merfolk Gladiator on July 27, 2023.
             Was a Priest of Hepliaklqana.
             Hit by a large rock thrown by a cyclops (23 damage)
             ... on level 15 of the Dungeon.
             The game lasted 00:18:02 (12024 turns).

Newt the Spear-Bearer (Merfolk Gladiator)          Turns: 12024, Time: 00:18:03

Health: -13/97     AC: 13    Str: 19    XL:     12   Next: 71%
Magic:  18/19      EV: 15    Int:  8    God:    Hepliaklqana [***...]
Gold:   475        SH:  0    Dex: 15    Spells: 19/21 levels left

rFire   . . .        x - +6 scythe (heavy)
rCold   . . .        (shield currently unavailable)
rNeg    + . .        o - quicksilver dragon scales
rPois   .            u - +2 helmet
rElec   .            (no cloak)
rCorr   .            (no gloves)
SInv    +            (no boots)
Will    +....        (no amulet)
Stlth   +            w - ring of see invisible
HPRegen 0.36/turn    F - ring of positive energy
MPRegen 0.16/turn

%: no passive effects
@: wereblooded
A: reduced essence, (nimble swimmer 2), mertail, mutation resistance 1, robust
1, screaming 1
a: Renounce Religion, Recall Ancestor, Ancestor Identity, Transference


You were on level 15 of the Dungeon.
You worshipped Hepliaklqana.
Hepliaklqana was most pleased with you.
You visited 2 branches of the dungeon, and saw 14 of its levels.

You collected 629 gold pieces.
You spent 154 gold pieces at shops.

Inventory:

Hand Weapons
 a - a +0 trident
 x - a +6 heavy scythe (weapon)
 E - a +0 halberd of venom
Missiles
 d - 3 throwing nets
 e - 5 javelins
 v - 5 silver javelins
Armour
 b - a +0 leather armour
 c - a +0 helmet
 g - a +0 buckler
 o - quicksilver dragon scales (worn)
 r - an orb of light
 s - a +2 animal skin
 u - a +2 helmet (worn)
 y - the +2 leather armour of the Game of Kings {Int+3}
   (You found it on level 4 of the Dungeon)

   Int:       It affects your intelligence (+3).
Jewellery
 w - a ring of see invisible (left hand)
 F - a ring of positive energy (right hand)
 H - an amulet of guardian spirit
 I - an amulet of magic regeneration
 K - a ring of ice
Wands
 n - a wand of iceblast (13)
 z - a wand of flame (21)
Scrolls
 h - 8 scrolls of teleportation
 i - 3 scrolls of fog
 j - a scroll of immolation
 C - 2 scrolls of identify
 J - 2 scrolls of revelation
Potions
 f - 2 potions of enlightenment
 k - 3 potions of brilliance
 l - 3 potions of attraction
 m - a potion of ambrosia
 p - a potion of might
 q - 2 potions of degeneration
 t - 5 potions of curing
 A - a potion of haste
 B - 2 potions of mutation
 D - 2 potions of heal wounds
 G - 2 potions of lignification


   Skills:
 + Level 9.9 Fighting
 - Level 14.0 Polearms
 - Level 2.0 Throwing
 - Level 4.1 Armour
 - Level 10.0 Dodging
 - Level 5.3 Spellcasting
 - Level 7.6 Transmutations
 - Level 10.0 Evocations


You had 19 spell levels left.
You knew the following spells:

 Your Spells              Type           Power      Damage    Failure   Level
a - Wereblood             Tmut           14%        N/A       2%          2

Your spell library contained the following spells:

 Spells                   Type           Power      Damage    Failure   Level
 Passwall                 Tmut/Erth      6%         N/A       14%         2
 Magic Dart               Conj           8%         1d3       41%         1
 Shock                    Conj/Air       8%         1d3       41%         1
 Ensorcelled Hibernation  Hex/Ice        4%         N/A       54%         2
 Searing Ray              Conj           4%         2d4       54%         2
 Swiftness                Air            2%         N/A       78%         3
 Irradiate                Conj/Tmut      4%         3d13      94%         5
 Airstrike                Air            1%         2d(1-17)  99%         4
 Cause Fear               Hex            1%         N/A       99%         4
 Fulminant Prism          Conj/Hex       1%         3d5       99%         4
 Passage of Golubria      Tloc           2%         N/A       99%         4
 Fireball                 Conj/Fire      1%         3d3       100%        5
 Silence                  Hex/Air        1%         N/A       100%        5
 Lehudib's Crystal Spear  Conj/Erth      1%         10d2      100%        8
 Dragon's Call            Summ           1%         N/A       100%        9


Dungeon Overview and Level Annotations

Branches:
Dungeon (12/15)            Temple (1/1) D:6            Lair (0/5) D:11
    Orc (0/2) D:12         Depths (0/4) D:15

Altars:
Ashenzari
Cheibriados
Dithmenos
Elyvilon
Fedhas
Gozag
Hepliaklqana
Kikubaaqudgha
Makhleb
Nemelex Xobeh
Okawaru
Qazlal
Ru
Sif Muna
Trog
Uskayaw
Vehumet
Wu Jian
Xom
Yredelemnul
Zin
The Shining One

Shops:
D:4 !   D:9 !   D:12 (

Annotations:
D:9 4 transporters


Innate Abilities, Weirdness & Mutations

Your life essence is reduced to manifest your ancestor. (-10% HP)
((You are very nimble when in or above water. (Stealth+, EV+, Speed+++)))
Your lower body shifts to a powerful aquatic tail in water.
You are somewhat resistant to further mutation.
You are robust. (+10% HP)
You occasionally shout uncontrollably at your foes.


Message History

Unknown command.
Unknown command.
You spit the two-headed ogre like a pig!!!
The two-headed ogre is almost dead.
You hear two shouts!
The two-headed ogre hits you with a +0 giant spiked club!
The two-headed ogre closely misses you.
You slash the two-headed ogre!
You kill the two-headed ogre!
Your Fighting skill increases to level 9!
You stick the two-headed ogre like a pincushion!!!
You kill the two-headed ogre!
You hear a shout!
A two-headed ogre comes into view.
It is wielding a +0 great mace and a +0 giant club.
Casting: Wereblood (safe; 2% risk of failure)
Press: ? - help, Q - select action, (/) - cycle Dir - look around, f - activate Your blood is infused with primal strength.
The ogre mage casts a spell at you. The bolt of magma hits you.
Unknown command.
Reach: x) +6 scythe (heavy)
Press: ? - help, Dir - move target, f - ogre mage
Aim: an ogre mage, wielding a +0 whip and wearing a +0 robe (slightly transparent, about 21% to evade your +6 heavy scythe)
You reach to attack!
You dice the ogre mage like an onion!!!
The ogre mage is severely wounded.
Unknown command.
Unknown command.
You slice the ogre mage!!
You feel a bit better.
You kill the ogre mage!
Unknown command.
You slice the ogre!!
The ogre is almost dead.
The ogre hits you with a +0 giant spiked club!!
* * * LOW HITPOINT WARNING * * *
Unknown command.
You stick the ogre like a pincushion!!!
You feel a bit better.
You kill the ogre!
You howl as the wereblood boils in your veins!
The cyclops throws a large rock.
The large rock hits you!!
You die...

,,,,,* ################
,,,,,* ################
,,,,,* ################
,,,,,* ################
,,,,,* #..........#####
**,#########.########.#####
**,..........########.#####
,,,.O......##########.#####
****,****#)).OC)@.....#####
****,* #...##############
*,,,,* #.......##########
*,**,* #...###.##########
*,**,****#..## *,*
,,,,,,,,,..## *,*********
*,**<**,#.## *,,,,,,,,,*
,,,*,**,#.* *********,*
,*,*,**,#.* *,*


You could see a two-headed ogre and a cyclops.

Vanquished Creatures
  Fannar (D:11)
  An ogre mage (D:15)
  4 two-headed ogres
  A skeletal warrior (D:7)
  An orc knight (D:12)
  2 ugly things
  A cyclops (D:7)
  2 manticores
  The ghost of knightboat the Cudgeller, a novice OgBe of Trog (D:5)
  A gargoyle (D:11)
  An unseen horror (D:11)
  A troll (D:7)
  Prince Ribbit (D:8)
  Sigmund (D:4)
  A shadow (D:11)
  A vampire (D:10)
  2 wraiths
  A steam dragon (D:9)
  26 yaks
  8 vampire mosquitoes (D:11)
  Duvessa (D:6)
  2 water moccasins
  A sky beast (D:7)
  4 orc warriors
  5 ogres
  4 centaurs
  3 phantoms (D:5)
  2 kobold brigands
  2 bullfrogs
  5 scorpions
  13 wights
  Dowan (D:6)
  3 howler monkeys
  3 jellies
  13 orc priests
  An iguana (D:5)
  2 sleepcaps
  Natasha (thrice) (D:4)
  15 orc wizards
  Robin (D:4)
  10 gnolls
  8 adders
  A shadow imp (D:7)
  2 white imps (D:8)
  5 dart slugs
  67 orcs
  5 ball pythons
  6 endoplasms
  4 giant cockroaches
  25 goblins
  16 hobgoblins
  5 jackals
  27 kobolds
  6 quokkas
  9 bats
  6 frilled lizards
  10 rats
354 creatures vanquished.

Vanquished Creatures (collateral kills)
  An ugly thing (D:12)
  An unseen horror (D:11)
  A komodo dragon (D:7)
  2 trolls
  2 yaks
  2 kobold brigands
  A wight (D:8)
  An iguana (D:7)
  An orc wizard (D:10)
  8 orcs
  A kobold (D:10)
21 creatures vanquished.

Vanquished Creatures (others)
  An ancestor (D:8)
  6 knights
7 creatures vanquished.

Grand Total: 382 creatures vanquished

Notes
Turn   | Place    | Note
-------+----------+-------------------------------------------
     0 | D:1      | Newt the Merfolk Gladiator began the quest for the Orb.
     0 | D:1      | Reached XP level 1. HP: 16/16 MP: 1/1
    91 | D:1      | Reached XP level 2. HP: 24/24 MP: 2/2
   308 | D:1      | Reached XP level 3. HP: 30/30 MP: 3/3
  1013 | D:2      | Reached XP level 4. HP: 33/37 MP: 4/4
  1065 | D:2      | Reached skill level 5 in Polearms
  1747 | D:3      | Reached skill level 6 in Polearms
  1747 | D:3      | Reached XP level 5. HP: 15/42 MP: 5/5
  2668 | D:3      | Reached skill level 5 in Dodging
  2916 | D:4      | Noticed Natasha
  2936 | D:4      | Killed Natasha
  3006 | D:4      | Noticed Natasha
  3013 | D:4      | Killed Natasha
  3014 | D:4      | Reached XP level 6. HP: 33/48 MP: 6/6
  3102 | D:4      | Noticed Robin
  3133 | D:4      | Killed Robin
  3377 | D:4      | Noticed Natasha
  3389 | D:4      | Killed Natasha
  3390 | D:4      | Reached skill level 7 in Polearms
  3434 | D:4      | Found Xapsyt's Distillery.
  3513 | D:4      | Noticed Sigmund
  3531 | D:4      | Killed Sigmund
  3532 | D:4      | Reached skill level 8 in Polearms
  3532 | D:4      | Reached XP level 7. HP: 54/54 MP: 7/7
  3571 | D:4      | Identified the +2 leather armour of the Game of Kings
                  | {Int+3}
  3630 | D:4      | Bought a potion of curing for 30 gold pieces
  3630 | D:4      | Bought a potion of might for 40 gold pieces
  3641 | D:5      | Entered Level 5 of the Dungeon
  3655 | D:5      | Reached skill level 9 in Polearms
  3676 | D:5      | Reached skill level 10 in Polearms
  3701 | D:5      | Reached XP level 8. HP: 48/61 MP: 8/8
  3707 | D:5      | Reached skill level 5 in Fighting
  3864 | D:5      | Noticed knightboat's ghost (novice OgBe)
  3865 | D:5      | Found a transporter.
  3866 | D:5      | Found a transporter.
  4244 | D:5      | Killed knightboat's ghost
  4245 | D:5      | Reached skill level 10 in Dodging
  4245 | D:5      | Reached XP level 9. HP: 18/69 MP: 9/9
  4583 | D:6      | Reached skill level 11 in Polearms
  4592 | D:6      | Learned a level 2 spell: Wereblood
  4678 | D:6      | Reached skill level 1 in Transmutations
  4683 | D:6      | Reached skill level 1 in Spellcasting
  4713 | D:6      | Noticed Duvessa
  4732 | D:6      | Noticed Dowan
  4736 | D:6      | Killed Duvessa
  4745 | D:6      | Killed Dowan
  5226 | D:6      | Found a staircase to the Ecumenical Temple.
  5242 | Temple   | Entered the Ecumenical Temple
  5273 | Temple   | Became a worshipper of Hepliaklqana the Forgotten
  5601 | D:6      | Reached skill level 5 in Transmutations
  6058 | D:7      | Noticed a komodo dragon
  6066 | D:7      | HP: 3/69 [komodo dragon (16)]
  6070 | D:7      | Killed a komodo dragon
  6515 | D:7      | Reached XP level 10. HP: 75/76 MP: 16/16
  6836 | D:7      | Noticed a skeletal warrior
  6838 | D:7      | Noticed a two-headed ogre
  6884 | D:7      | Killed a two-headed ogre
  6885 | D:7      | Reached skill level 5 in Spellcasting
  6959 | D:7      | Killed a skeletal warrior
  7333 | D:7      | Noticed a cyclops
  7341 | D:7      | Killed a cyclops
  7612 | D:8      | Reached skill level 1 in Evocations
  7739 | D:8      | Reached * piety under Hepliaklqana
  8077 | D:8      | Reached skill level 5 in Evocations
  8077 | D:8      | Reached XP level 11. HP: 61/72 MP: 18/18
  8224 | D:8      | Noticed Prince Ribbit
  8232 | D:8      | Killed Prince Ribbit
  8282 | D:8      | Found a glowing silver altar of Zin.
  8532 | D:8      | Reached skill level 12 in Polearms
  8809 | D:9      | Found a transporter.
  8984 | D:9      | Found a transporter.
  8986 | D:9      | Found a transporter.
  8986 | D:9      | Found a transporter.
  9066 | D:9      | Found Kiocw's Distillery.
  9069 | D:9      | Bought 2 potions of lignification for 84 gold pieces
  9470 | D:10     | Entered Level 10 of the Dungeon
  9716 | D:10     | Reached ** piety under Hepliaklqana
  9763 | D:10     | Remembered your ancestor Ayize as a knight
  9849 | D:10     | Found an ancient bone altar of Kikubaaqudgha.
  9877 | D:10     | Reached skill level 13 in Polearms
 10219 | D:11     | Noticed Fannar
 10235 | D:11     | Killed Fannar
 10379 | D:11     | Reached skill level 14 in Polearms
 10492 | D:11     | Noticed a green ugly thing
 10501 | D:11     | Killed a green ugly thing
 10513 | D:11     | Identified the +6 scale mail of Notzit {Dex+3}
 10888 | D:11     | Found a staircase to the Lair.
 10992 | D:11     | Reached XP level 12. HP: 79/79 MP: 16/19
 11303 | D:11     | Gained mutation: You occasionally shout uncontrollably at
                  | your foes. [potion of mutation]
 11303 | D:11     | Gained mutation: You are robust. (+10% HP) [potion of
                  | mutation]
 11303 | D:11     | Gained mutation: You are somewhat resistant to further
                  | mutation. [potion of mutation]
 11314 | D:12     | Reached skill level 10 in Evocations
 11610 | D:12     | Found a staircase to the Orcish Mines.
 11633 | D:12     | Reached *** piety under Hepliaklqana
 11778 | D:12     | Found Deabene's Firing Range.
 11982 | D:12     | You fall into a shaft and drop 3 floors!
 11982 | D:15     | Entered Level 15 of the Dungeon
 11999 | D:15     | Noticed a two-headed ogre
 12001 | D:15     | Noticed a two-headed ogre
 12002 | D:15     | Noticed an ogre mage
 12002 | D:15     | Noticed a two-headed ogre
 12007 | D:15     | Killed a two-headed ogre
 12016 | D:15     | Killed a two-headed ogre
 12018 | D:15     | Killed a two-headed ogre
 12018 | D:15     | Noticed a two-headed ogre
 12022 | D:15     | Killed an ogre mage
 12024 | D:15     | Hit by a large rock thrown by a cyclops

Illustrated notes

Levels and vault maps discovered:
D:1:      tekkud_arrival_beachfront_property, layout_basic,
          grunt_decor_one_mirror
D:2:      layout_rooms, grunt_ministairs_2
D:3:      layout_basic, serial_forest, infiniplex_forest_lined_2,
          infiniplex_forest_lined_3_way, infiniplex_forest_lined_corner,
          infiniplex_forest_clump_small, infiniplex_forest_corner_1,
          infiniplex_forest_clump_medium
D:4:      layout_rooms, serial_shops, nicolae_shop_just_a_little_nook,
          kennysheep_opposing_triangles, uniq_sigmund, uniq_natasha, uniq_robin
D:5:      layout_gridville, gammafunk_ghost_smash
D:6:      corexii_shantytown, layout_basic, minmay_temple_entry_overgrown,
          uniq_duvessa
D:7:      minmay_blocky_corners, layout_basic
D:8:      layout_loops_ring, marbit_many_paths, uniq_prince_ribbit1
D:9:      layout_cave_pools, serial_shops, nicolae_shop_behind_doors,
          minmay_misc_feat_hallway, nicolae_diode_quadrants
D:10:     nicolae_cairo_tiling_large_dashed, layout_long_grid,
          lemuel_round_altar, minmay_misc_feat_square
D:11:     layout_basic, lair_entry_dummy, uniq_fannar
D:12:     layout_stronghold, david_orc_5, nicolae_shop_firing_range
D:15:     grunt_enter_depths_hoard, layout_loops_ring, gauntlet_entry_generic
Temple:   mainiacjoe_temple_big_plus

Skill      XL: |  1  2  3  4  5  6  7  8  9 10 11 12 |
---------------+-------------------------------------+-----
Fighting       | 3 4 6 9 |  9.9
Polearms       | 6 8 10 11 14 | 14.0
Dodging        | 6 10 | 10.0
Transmutations | 6 7 |  7.6
Spellcasting   | 4 5 |  5.3
Armour         | 4 |  4.1
Evocations     | 5 8 10 | 10.0
Throwing       | |  2.0

Action                     |  1- 3 |  4- 6 |  7- 9 | 10-12 || total
---------------------------+-------+-------+-------+-------++-------
  Melee: Trident           |   145 |   192 |       |       ||   337
         Punch             |       |     2 |       |       ||     2
         Halberd           |       |       |   328 |   502 ||   830
   Cast: Wereblood         |       |       |     1 |    19 ||    20
 Invoke: Ancestor Life: Kn |       |       |       |     1 ||     1
         Recall Ancestor   |       |       |       |     1 ||     1
  Evoke: Wand              |       |       |       |     6 ||     6
    Use: Scroll            |     2 |     6 |    12 |     8 ||    28
         Potion            |       |       |     3 |     4 ||     7
   Stab: Sleeping          |     1 |       |       |       ||     1
         Distracted        |       |       |       |     3 ||     3
 Armour: Leather armour    |    57 |    15 |       |       ||    72
         Quicksilver drago |       |    45 |    86 |   119 ||   250
  Dodge: Dodged            |   116 |   128 |   206 |   331 ||   781
  Block: Buckler           |       |     2 |       |       ||     2

Table legend: (Time is in decaauts)
 A = Elapsed time spent in this place.
 B = Non-inter-level travel time spent in this place.
 C = Inter-level travel time spent in this place.
 D = Time resting spent in this place.
 E = Time spent auto-exploring this place.
 F = Levels seen in this place.
 G = Mean time per level.
                   A        B        C        D        E       F      G
               +--------+--------+--------+--------+--------+-----+--------+
         Total |  12009 |  11638 |    371 |   2091 |   7451 |  14 |  857.8 |
       Dungeon |  11947 |  11636 |    311 |   2091 |   7451 |  13 |  919.0 |
        Temple |     61 |      1 |     60 |      0 |      0 |   1 |   61.0 |
               +--------+--------+--------+--------+--------+-----+--------+

Top non-repeatable levels by time:
     D:7: 1452 daAuts
     D:6: 1392 daAuts
     D:3: 1182 daAuts
     D:8: 1142 daAuts
    D:11: 1083 daAuts
     D:5: 921 daAuts
     D:1: 908 daAuts
     D:9: 849 daAuts
     D:2: 824 daAuts
     D:4: 739 daAuts
    D:10: 722 daAuts
    D:12: 686 daAuts
  Temple: 61 daAuts
    D:15: 44 daAuts
